 Dungeon Crawl Stone Soup version 0.27-a0-972-gd1521fd518 (webtiles) character file.

Game seed: 5868081505062596068

267928 jestyr24 the Eclecticist (level 20, -1/157 HPs)
             Began as a Djinni Conjurer on Apr 13, 2021.
             Was the Champion of Makhleb.
             Killed from afar by an acid blob (11 damage)
             ... with a splash of acid
             ... on level 2 of the Pits of Slime on Apr 14, 2021.
             The game lasted 07:39:56 (39005 turns).

jestyr24 the Eclecticist (Djinni Conjurer)         Turns: 39005, Time: 07:39:56

Health: -1/157     AC:  4    Str:  5 (6)  XL:     20   Next: 14%
Gold:   3447       EV: 13    Int: 28      God:    Makhleb [******] SH: 11 Dex: 13

rFire    + + +     SeeInvis +   W - staff of fire
rCold    x x .     Faith    .   j - +0 kite shield {reflect}
rNeg     . . .     Spirit   .   c - +3 troll leather armour {Snorg}
rPois    ∞         Reflect  +   I - +2 hat
rElec    .         Harm     .   k - +0 cloak
rCorr    .         Rampage  .   Z - +0 pair of gloves
Will     ++...                  (boots unavailable)
Stlth    ++........             R - amulet of Vitality {Regen+ HP+15}
HPRegen  0.00/turn              U - ring of fire
MPRegen  0.00/turn              J - +4 ring of protection

@: corroded, unable to read, flying, very slightly contaminated, studying Maces
& Flails, invisible
A: fire resistance 2, cold vulnerability 1, float, innate caster, hp casting,
extra vitality 1, antennae 1, see invisible, deterioration 1, inhibited
regeneration, inability to read while threatened
}: 2/15 runes: decaying, serpentine
a: Renounce Religion, Minor Destruction, Lesser Servant of Makhleb, Major
Destruction, Greater Servant of Makhleb


You were on level 2 of the Pits of Slime.
You worshipped Makhleb.
Makhleb was exalted by your worship.
You visited 7 branches of the dungeon, and saw 34 of its levels.
You also visited: Bailey and Ice Cave.

You collected 3554 gold pieces.
You spent 107 gold pieces at shops.

Inventory:

Hand Weapons
 u - the +7 rapier "Piope" {freeze, rN+}
   (You found it on level 6 of the Lair of Beasts)

   It has been specially enchanted to freeze those struck by it, causing extra
   injury to most foes and up to half again as much damage against particularly
   susceptible opponents.
   It can also slow down cold-blooded creatures.
   It protects you from negative energy.
 M - a +2 vorpal demon blade
 N - the +7 double sword "Nanwer" {vorpal, Str+6 Stlth-}
   (You acquired it on level 10 of the Dungeon)

   It inflicts extra damage upon your enemies.
   It affects your strength (+6).
   It makes you less stealthy.
Missiles
 y - 8 atropa-tipped darts
 z - 8 curare-tipped darts
 B - 107 poisoned darts (quivered)
Armour
 a - a +3 kite shield of protection
 c - a +3 troll leather armour (worn) {Snorg}
 j - a +0 kite shield of reflection (worn)
 k - a +0 cloak (worn)
 I - a +2 hat (worn)
 Z - a +0 pair of gloves (worn)
Magical Staves
 T - a staff of conjuration
 W - a staff of fire (weapon)
Jewellery
 r - a ring of protection from fire
 w - an amulet of reflection
 J - a +4 ring of protection (right hand)
 L - a +6 ring of strength
 Q - a ring of positive energy
 R - the amulet of Vitality (around neck) {Regen+ HP+15}
   (You found it in a bailey)

   [amulet of regeneration]

   It affects your health (+15).
   It increases your rate of health regeneration.
 U - a ring of fire (left hand)
Wands
 n - a wand of mindburst (50)
 o - a wand of iceblast (67)
 p - a wand of polymorph (30)
 x - a wand of paralysis (25)
 A - a wand of acid (29)
 O - a wand of charming (15)
 P - a wand of digging (7)
Scrolls
 d - 5 scrolls of magic mapping
 f - a scroll of blinking
 i - 3 scrolls of silence
 l - a scroll of holy word
 s - 6 scrolls of fog
 t - 2 scrolls of fear
 v - a scroll of identify
 C - 7 scrolls of teleportation
 D - 3 scrolls of enchant weapon
 X - a scroll of brand weapon
Potions
 b - 5 potions of haste
 e - 5 potions of brilliance
 g - 6 potions of cancellation
 h - 3 potions of invisibility
 m - 6 potions of ambrosia
 q - 11 potions of curing
 F - 2 potions of resistance
 G - 3 potions of berserk rage
 H - 5 potions of heal wounds
 S - 6 potions of might
 V - 2 potions of mutation
Miscellaneous
 E - a piece from Xom's chessboard (15/15)
 Y - a lightning rod (4/4)


   Skills:
 * Level 12.4 Fighting
 - Level 0.5(7.4) Short Blades
 - Level 11.6 Long Blades
 - Level 5.2 Armour
 - Level 7.8 Dodging
 - Level 4.0 Stealth
 - Level 13.2 Shields
 - Level 20.0 Spellcasting
 - Level 7.0 Invocations
 - Level 8.0 Evocations


You had 8 spell levels left.
You knew the following spells:

 Your Spells              Type           Power      Damage    Failure   Level
a - Magic Dart            Conj           100%       1d8       0%          1
b - Searing Ray           Conj           100%       3d7       0%          2
c - Dazzling Flash        Conj/Hex       100%       N/A       0%          3
d - Fulminant Prism       Conj/Hex       48%        3d21      0%          4
e - Iskenderun's Mystic   Conj/Tloc      96%        2d19      0%          4
f - Animate Skeleton      Necr           100%       N/A       0%          1
g - Swiftness             Air            96%        N/A       0%          2
h - Mephitic Cloud        Conj/Pois/Air  96%        N/A       0%          3
i - Animate Armour        Summ/Erth      100%       N/A       0%          4
j - Leda's Liquefaction   Hex/Erth       48%        N/A       0%          4
k - Summon Mana Viper     Hex/Summ       96%        N/A       1%          5
l - Invisibility          Hex            96%        N/A       1%          6
m - Starburst             Conj/Fire      71%        8x6d18    1%          6
n - Statue Form           Tmut/Erth      64%        N/A       1%          6
Your spell library was empty.

Dungeon Overview and Level Annotations

Branches:
Dungeon (15/15)            Temple (1/1) D:5            Lair (6/6) D:11
  Swamp (4/4) Lair:3        Snake (4/4) Lair:2        Slime (2/5) Lair:5
    Orc (2/2) D:10            Elf (0/3) Orc:2        Vaults (0/5) D:14
 Depths (0/5) D:15         Bailey (visited)           IceCv (visited)

Altars:
Ashenzari
Cheibriados
Dithmenos
Elyvilon
Fedhas
Gozag
Hepliaklqana
Kikubaaqudgha
Makhleb
Nemelex Xobeh
Okawaru
Qazlal
Ru
Sif Muna
Trog
Uskayaw
Vehumet
Wu Jian
Xom
Yredelemnul
Zin
The Shining One
Beogh
Jiyva

Shops:
D:4 ![((   D:6 [   D:12 *   Orc:2 :(((   Snake:1 (

Portals:
Trove: D:13 (give 15 scrolls of teleportation)

Annotations:
Lair:2 3 runed translucent doors, Persimmons's ghost, journeyman DjTm


Innate Abilities, Weirdness & Mutations

You are immune to poison.
Your flesh is very heat resistant. (rF++)
You are vulnerable to cold. (rC-)
You float through the air rather than walking.
You learn spells naturally, not from books.
Your magical power is your life essence.
You have superior vitality. (+4 HP)
You have a pair of small antennae on your head.
You have supernaturally acute eyesight. (SInv)
Your body sometimes deteriorates upon taking damage.
You do not regenerate when monsters are visible.
You sometimes lose the ability to read scrolls when taking damage.


Message History

A slime creature comes into view.
Blink to where?
Press: ? - help, Dir - move target
As you read the scroll of blinking, it crumbles to dust.
The acid blob spits acid at you. The splash of acid hits you!
You feel threatened and lose the ability to read scrolls!
* * * LOW HITPOINT WARNING * * *
The acid corrodes you!
You are splashed with acid!
* * * LOW HITPOINT WARNING * * *
Your body deteriorates!
You feel weakened.
You feel much better.
A demon appears!
You block the acid blob's attack.
Casting: Starburst (mildly dangerous; 1% risk of failure)
Confirm with . or Enter, or press ? or * to list all spells.
Aiming: Searing Ray (safe; 0% risk of failure)
Press: ? - help, Shift-Dir - straight line, f - acid blob
Aim: an acid blob (ally target, 2% to evade)
Okay, then.
Casting: Searing Ray (safe; 0% risk of failure)
Confirm with . or Enter, or press ? or * to list all spells.
Casting: Starburst (mildly dangerous; 1% risk of failure)
Press: ? - help, Dir - look around, f - activate You feel a strong surge of power!
Really fire in your blizzard demon's direction?
Okay, then.
The acid blob spits acid at you. The splash of acid hits you!
* * * LOW HITPOINT WARNING * * *
You are splashed with acid!
* * * LOW HITPOINT WARNING * * *
Your blizzard demon hits the acid blob!
Your blizzard demon is burned by acid!
Your blizzard demon hits the acid blob.
Your blizzard demon is burned by acid!
You cannot read scrolls in your current state!
The acid blob hits you but does no damage.
The acid blob spits acid at you. The splash of acid hits you!
You die...

#...............##
.................#..
..#......................
...#.. #.#...............
......###..............#.
..............<.........#
...........>.............
#......2.....#.#......
####...J@.<........##
##.#...............## #
##...................#
..#####.#........##...###...#
...#......J....####..# #.##
............#.# #...# ##
.#.##....#.....###.## .
###..J...##.#.## ### .
##.......#######


You could see 2 acid blobs and a friendly blizzard demon (summoned).

Vanquished Creatures
  Jorgrun (Swamp:1)
  Asterion (Snake:1)
  Frances (D:12)
  The ghost of Demosthentine the Acrobat, an adept MfGl of the Shining One (Snake:3)
  3 thorn hunters
  Gastronok (D:9)
  2 fenstrider witches (Swamp:2)
  7 nagarajas
  A rockslime (Slime:1)
  An orc warlord (Orc:1)
  A very ugly thing (D:15)
  2 quicksilver oozes
  6 bunyips
  A dire elephant (Lair:6)
  The ghost of MeatMancer the Severer, a journeyman HOMo of Beogh (Orc:2)
  An eleionoma (Swamp:3)
  Snorg (D:12)
  3 salamander tyrants (Snake:4)
  3 fire dragons (Swamp:4)
  A rakshasa (D:13)
  Fannar (Lair:1)
  Josephine (D:15)
  16 naga warriors
  A great orb of eyes (D:10)
  4 vault guards (D:14)
  5 boulder beetles
  17 hydras
  7 alligators
  A ghost crab (Swamp:1)
  3 ogre magi
  4 centaur warriors
  11 anacondas
  5 catoblepae
  A death knight (D:11)
  14 two-headed ogres
  7 death yaks (Lair:6)
  3 tengu warriors
  2 orc high priests (Orc:1)
  6 shock serpents
  20 naga sharpshooters
  Urug (Orc:2)
  6 spriggans
  Nergalle (D:12)
  3 salamander mystics (Snake:4)
  8 goliath frogs
  A fire crab (Swamp:4)
  2 spriggan druids
  2 deep trolls (Orc:2)
  3 sea snakes (Snake:2)
  10 naga ritualists
  A glowing orange brain (D:15)
  5 lindwurms
  2 bog bodies
  2 wizards (D:14)
  8 swamp dragons
  2 deep elf pyromancers
  A phantasmal warrior (D:11)
  10 ugly things
  2 orc sorcerers
  3 oklob plants (D:11)
  3 orc knights
  A necromancer (IceCv)
  22 mana vipers
  2 wolf spiders
  6 cyclopes
  3 will-o-the-wisps
  12 elephants (Lair:6)
  15 salamanders
  A moth of wrath (Snake:3)
  28 naga magi
  An ice statue (IceCv)
  3 manticores
  Joseph (D:8)
  3 guardian serpents
  43 black mambas
  4 torpor snails (Lair:6)
  A gargoyle (D:11)
  9 cane toads
  3 rime drakes
  9 komodo dragons
  2 unseen horrors
  11 freezing wraiths
  A kobold demonologist (D:13)
  An efreet (D:14)
  17 trolls
  2 bloated husks
  A jumping spider (shapeshifter) (D:10)
  11 polar bears
  3 meliai (D:15)
  A queen bee (Lair:3)
  8 hornets
  4 raiju (Lair:6)
  32 slime creatures
  11 tyrant leeches
  28 blink frogs
  2 dream sheep (Lair:6)
  Sigmund (D:3)
  8 wyverns
  3 vampires
  51 yaks
  4 basilisks
  8 wraiths
  3 golden eyes (Slime:1)
  A fire elemental (Swamp:4)
  A death yak simulacrum (IceCv)
  7 steam dragons
  10 vampire mosquitoes
  23 wargs
  17 swamp worms
  43 nagas
  An acid dragon (D:13)
  11 hell hounds (Lair:6)
  17 water moccasins
  6 swamp drakes
  14 black bears
  A sky beast (D:8)
  26 orc warriors
  14 ice beasts
  A necrophage (D:4)
  21 ogres
  20 wolves
  An alligator simulacrum (IceCv)
  12 centaurs
  5 phantoms
  5 kobold brigands
  17 bullfrogs
  2 gnoll sergeants (D:10)
  A wyvern zombie (D:8)
  3 scorpions
  26 killer bees
  An elephant simulacrum (IceCv)
  5 wights (D:8)
  5 electric eels
  A howler monkey (D:4)
  A lava snake (Swamp:4)
  6 draconian simulacra (IceCv)
  3 centaur skeletons (D:7)
  15 orc priests
  A hound (D:4)
  2 gnoll shamans
  20 jellies
  5 centaur zombies
  3 iguanas
  Natasha (thrice) (D:3)
  24 orc wizards
  2 spriggan simulacra (IceCv)
  4 troll simulacra (IceCv)
  A polar bear simulacrum (IceCv)
  2 centaur simulacra (IceCv)
  A howler monkey zombie (D:10)
  2 adders
  20 gnolls
  A howler monkey skeleton (D:7)
  4 naga simulacra (IceCv)
  2 ogre simulacra (IceCv)
  14 white imps
  3 dart slugs
  100 orcs
  3 ball pythons
  6 endoplasms
  3 giant cockroaches
  16 goblins
  15 hobgoblins
  A jackal (shapeshifter) (D:15)
  5 jackals (D:2)
  39 kobolds
  5 quokkas
  6 bats
  6 frilled lizards
  4 rats
  10 briar patches
  2 fulminant prisms
1302 creatures vanquished.

Vanquished Creatures (collateral kills)
  A hydra (Lair:5)
  A death yak (Lair:6)
  A mana viper (Snake:1)
  A cane toad (Lair:2)
  A freezing wraith (D:11)
  A slime creature (D:14)
  A basilisk (D:14)
  4 nagas
  An electric eel (Lair:5)
  An adder (D:6)
13 creatures vanquished.

Vanquished Creatures (others)
  A lindwurm (Swamp:4)
  A naga mage (Snake:4)
  A warg (Lair:6)
  4 swamp drakes
  4 briar patches (Swamp:4)
  6 foxfires
  424 fulminant prisms
  43 fungi
  105 plants
  5 toadstools (D:5)
594 creatures vanquished.

Grand Total: 1909 creatures vanquished

Notes
Turn   | Place    | Note
-------+----------+-------------------------------------------
     0 | D:1      | jestyr24 the Djinni Conjurer began the quest for the Orb.
     0 | D:1      | Reached XP level 1. HP: 15/15 MP: 0/0
   355 | D:1      | Reached XP level 2. HP: 20/21 MP: 0/0
   364 | D:1      | Reached skill level 4 in Spellcasting
  1227 | D:2      | Reached XP level 3. HP: 16/25 MP: 0/0
  1227 | D:2      | Learned a level 1 spell: Animate Skeleton
  1376 | D:2      | Found a faded altar of an unknown god.
  2157 | D:3      | Noticed a water moccasin
  2161 | D:3      | Killed a water moccasin
  2162 | D:3      | Reached skill level 5 in Spellcasting
  2162 | D:3      | Reached XP level 4. HP: 17/31 MP: 0/0
  2162 | D:3      | Reached XP level 5. HP: 19/35 MP: 0/0
  2162 | D:3      | Learned a level 2 spell: Swiftness
  2632 | D:3      | Noticed Natasha
  2634 | D:3      | Killed Natasha
  3239 | D:3      | Reached XP level 6. HP: 37/40 MP: 0/0
  3278 | D:3      | Noticed Sigmund
  3298 | D:3      | Killed Sigmund
  3299 | D:3      | Reached skill level 6 in Spellcasting
  3727 | D:3      | Noticed Natasha
  3731 | D:3      | Killed Natasha
  3732 | D:3      | Reached XP level 7. HP: 42/46 MP: 0/0
  3732 | D:3      | Learned a level 3 spell: Mephitic Cloud
  3817 | D:3      | Noticed Natasha
  3829 | D:3      | Killed Natasha
  4275 | D:4      | Upgraded the game from 0.27-a0-965-gbf8bb431c4 to
                  | 0.27-a0-972-gd1521fd518
  4386 | D:4      | Reached skill level 1 in Fighting
  4402 | D:4      | Reached skill level 7 in Spellcasting
  4511 | D:4      | Found Peblush's Distillery.
  4511 | D:4      | Found Weerhi's Weapon Shop.
  4516 | D:4      | Found Jiganahe's Antique Armour Shop.
  4517 | D:4      | Found Xyahaxzuc's Antique Weapon Shop.
  4550 | D:4      | Bought a runed robe for 107 gold pieces
  4967 | D:5      | Entered Level 5 of the Dungeon
  5247 | D:5      | Reached XP level 8. HP: 47/52 MP: 0/0
  5257 | D:5      | Found a staircase to the Ecumenical Temple.
  5268 | Temple   | Entered the Ecumenical Temple
  5468 | Temple   | Became a worshipper of Makhleb the Destroyer
  5782 | D:5      | Reached skill level 8 in Spellcasting
  5807 | D:5      | Noticed a slime creature
  5807 | D:5      | Noticed a slime creature
  6062 | D:5      | Killed a slime creature
  6651 | D:5      | Killed a slime creature
  6652 | D:5      | Reached skill level 9 in Spellcasting
  6652 | D:5      | Reached XP level 9. HP: 32/59 MP: 0/0
  6652 | D:5      | Learned a level 4 spell: Animate Armour
  6951 | D:5      | Identified a scroll of acquirement
  6951 | D:5      | Acquired a +2 kite shield of protection
  6987 | D:5      | Reached * piety under Makhleb
  7193 | D:6      | Reached skill level 1 in Shields
  8040 | D:6      | Found a basalt altar of Yredelemnul.
  8090 | D:6      | Found Olaar's Armour Shop.
  8106 | D:6      | Reached skill level 5 in Shields
  8639 | D:7      | Reached ** piety under Makhleb
  8908 | D:7      | Found an opulent altar of Gozag.
 10008 | D:8      | Found a glowing silver altar of Zin.
 10020 | D:8      | Noticed a two-headed ogre
 10352 | D:8      | Killed a two-headed ogre
 10353 | D:8      | Reached skill level 10 in Spellcasting
 10353 | D:8      | Reached XP level 10. HP: 65/65 MP: 0/0
 10911 | D:8      | Noticed Joseph
 10921 | D:8      | Killed Joseph
 10921 | D:8      | Reached *** piety under Makhleb
 11314 | D:8      | Reached skill level 1 in Long Blades
 11574 | D:8      | Found a sparkling altar of Nemelex Xobeh.
 11722 | D:8      | Identified Theurgy, Part One
 11802 | D:9      | Reached XP level 11. HP: 70/71 MP: 0/0
 11802 | D:9      | Learned a level 4 spell: Leda's Liquefaction
 12048 | D:9      | Reached **** piety under Makhleb
 12274 | D:9      | Reached skill level 11 in Spellcasting
 12274 | D:9      | Noticed an orc sorcerer
 12284 | D:9      | Killed an orc sorcerer
 12866 | D:9      | Found a shimmering altar of Xom.
 12989 | D:9      | Noticed Gastronok
 13008 | D:9      | Killed Gastronok
 13009 | D:9      | Reached skill level 10 in Shields
 13081 | D:9      | Noticed a two-headed ogre
 13090 | D:9      | Killed a two-headed ogre
 13107 | D:9      | Found a broken altar of Ashenzari.
 13196 | D:9      | Reached ***** piety under Makhleb
 13197 | D:9      | Reached XP level 12. HP: 79/79 MP: 0/0
 13660 | D:10     | Entered Level 10 of the Dungeon
 13917 | D:10     | Reached skill level 5 in Long Blades
 14125 | D:10     | Found a stormy altar of Qazlal.
 14310 | D:10     | Noticed a centaur warrior
 14402 | D:10     | Noticed a two-headed ogre
 14411 | D:10     | Noticed a great orb of eyes
 14416 | D:10     | Killed a two-headed ogre
 14417 | D:10     | Reached skill level 5 in Fighting
 14418 | D:10     | Killed a centaur warrior
 14425 | D:10     | Paralysed by a great orb of eyes for 2 turns
 14432 | D:10     | Killed a great orb of eyes
 14442 | D:10     | Acquired the +7 double sword "Nanwer" {vorpal, Str+6
                  | Stlth-}
 14840 | D:10     | Found a staircase to the Orcish Mines.
 14908 | D:11     | Reached skill level 12 in Spellcasting
 15122 | D:11     | Noticed a death knight
 15266 | D:11     | Found a flagged portal.
 15276 | Bailey   | Entered a bailey
 15360 | Bailey   | Reached ****** piety under Makhleb
 15419 | Bailey   | Found the amulet of Vitality {Regen+ HP+15}
 15434 | Bailey   | Identified the +7 shortbow of Indomitability {speed,
                  | *Corrode Fly rN++ Stlth+}
 15623 | D:11     | Reached XP level 13. HP: 59/87 MP: 0/0
 15623 | D:11     | Learned a level 5 spell: Summon Mana Viper
 15930 | D:11     | Found a staircase to the Lair.
 16746 | D:12     | Noticed Snorg
 16754 | D:12     | Killed Snorg
 16782 | D:12     | Found Kopt's General Store.
 16954 | D:12     | Noticed Nergalle
 16961 | D:12     | Killed Nergalle
 16980 | D:12     | Identified the +5 robe of the Learner {rPois rCorr Int-4}
 17083 | D:12     | Noticed Frances
 17098 | D:12     | Killed Frances
 17099 | D:12     | Reached skill level 13 in Spellcasting
 17405 | Lair:1   | Entered Level 1 of the Lair of Beasts
 17513 | Lair:1   | Noticed Fannar
 17522 | Lair:1   | Killed Fannar
 17612 | Lair:1   | Reached skill level 1 in Invocations
 17891 | Lair:1   | Reached skill level 1 in Evocations
 18331 | Lair:2   | Found a runed translucent gate.
 18331 | Lair:2   | Found a runed translucent gate.
 18331 | Lair:2   | Found a runed translucent gate.
 18333 | Lair:2   | Found a viscous altar of Jiyva.
 18333 | Lair:2   | Noticed a quicksilver ooze
 18333 | Lair:2   | Noticed Persimmons's ghost (journeyman DjTm)
 18525 | Lair:2   | Reached XP level 14. HP: 96/96 MP: 0/0
 18602 | Lair:2   | Found a gate leading to a gauntlet.
 18740 | Lair:2   | Found a staircase to the Snake Pit.
 19633 | Lair:3   | Found a staircase to the Swamp.
 21198 | Lair:5   | Found a staircase to the Slime Pits.
 21903 | Lair:6   | Entered Level 6 of the Lair of Beasts
 21964 | Lair:6   | Reached skill level 14 in Spellcasting
 21971 | Lair:6   | Gained mutation: Your spells are a little harder to cast,
                  | but a little more powerful. [potion of mutation]
 21971 | Lair:6   | Lost mutation: Your spells are a little harder to cast, but
                  | a little more powerful. [potion of mutation]
 21971 | Lair:6   | Gained mutation: You are partially covered in iridescent
                  | scales. (AC +2) [potion of mutation]
 21972 | Lair:6   | Lost mutation: You are partially covered in iridescent
                  | scales. (AC +2) [potion of mutation]
 21972 | Lair:6   | Gained mutation: You have supernaturally acute eyesight.
                  | (SInv) [potion of mutation]
 21972 | Lair:6   | Gained mutation: Your body sometimes deteriorates upon
                  | taking damage. [potion of mutation]
 21972 | Lair:6   | Gained mutation: You have a pair of small antennae on your
                  | head. [potion of mutation]
 22344 | Lair:6   | Reached skill level 10 in Long Blades
 22376 | Lair:6   | Reached XP level 15. HP: 103/103 MP: 0/0
 22376 | Lair:6   | Learned a level 6 spell: Invisibility
 22989 | Lair:6   | Reached skill level 5 in Evocations
 23015 | Lair:6   | Reached skill level 5 in Invocations
 23033 | Lair:6   | Identified the +7 rapier "Piope" {freeze, rN+}
 23295 | Lair:6   | Identified the +2 chain mail of Levity {rN+ rCorr}
 23358 | Lair:6   | Reached skill level 15 in Spellcasting
 24360 | D:13     | Found a shadowy altar of Dithmenos.
 24587 | D:13     | Found a portal to a secret trove of treasure.
 25512 | D:14     | Reached XP level 16. HP: 112/112 MP: 0/0
 25602 | D:14     | Found a gate to the Vaults.
 26286 | D:15     | Entered Level 15 of the Dungeon
 26334 | D:15     | Found a frozen archway.
 26380 | IceCv    | Entered an ice cave
 27084 | D:15     | Found a staircase to the Depths.
 27690 | D:15     | Noticed Josephine
 27696 | D:15     | Killed Josephine
 27865 | Snake:1  | Entered Level 1 of the Snake Pit
 27871 | Snake:1  | Reached skill level 16 in Spellcasting
 28046 | Snake:1  | Reached skill level 5 in Dodging
 28122 | Snake:1  | Noticed Asterion
 28143 | Snake:1  | Killed Asterion
 28224 | Snake:1  | Found Ufeahuh's Weapon Shoppe.
 28428 | Snake:1  | Reached skill level 10 in Fighting
 28529 | Snake:1  | Reached XP level 17. HP: 74/119 MP: 0/0
 28529 | Snake:1  | Learned a level 6 spell: Starburst
 29527 | Snake:2  | Reached skill level 1 in Armour
 30840 | Snake:3  | Found a bloodstained altar of Trog.
 30840 | Snake:3  | Noticed Demosthentine's ghost (adept MfGl)
 30841 | Snake:3  | Found a transporter.
 30870 | Snake:3  | Found a transporter.
 31280 | Snake:3  | Reached skill level 17 in Spellcasting
 31852 | Snake:3  | Reached XP level 18. HP: 69/126 MP: 0/0
 31855 | Snake:3  | Killed Demosthentine's ghost
 31954 | Snake:4  | Entered Level 4 of the Snake Pit
 32532 | Snake:4  | Reached skill level 18 in Spellcasting
 33240 | Snake:4  | Got a serpentine rune of Zot
 33646 | Orc:1    | Entered Level 1 of the Orcish Mines
 33711 | Orc:2    | Entered Level 2 of the Orcish Mines
 33721 | Orc:2    | Noticed Urug
 33728 | Orc:2    | Killed Urug
 33740 | Orc:2    | Found a staircase to the Elven Halls.
 33875 | Orc:2    | Found Cemohar's Book Shoppe.
 33876 | Orc:2    | Found Ynniline's Weapon Emporium.
 33893 | Orc:2    | Paralysed by an ogre mage for 4 turns
 33907 | Orc:2    | Reached XP level 19. HP: 131/131 MP: 0/0
 33907 | Orc:2    | Learned a level 6 spell: Statue Form
 33929 | Orc:2    | Found Odemn's Weapon Boutique.
 33944 | Orc:2    | Found Kaxaffo's Antique Weapon Shoppe.
 34022 | Orc:2    | Found a dark tunnel.
 34116 | Orc:2    | Found a runed translucent gate.
 34117 | Orc:2    | Found a runed translucent gate.
 34118 | Orc:2    | Found a runed translucent gate.
 34122 | Orc:2    | Noticed MeatMancer's ghost (journeyman HOMo)
 34130 | Orc:2    | Killed MeatMancer's ghost
 35592 | Swamp:1  | Entered Level 1 of the Swamp
 35596 | Swamp:1  | Reached skill level 19 in Spellcasting
 35873 | Swamp:1  | Noticed Jorgrun
 35885 | Swamp:1  | Killed Jorgrun
 35886 | Swamp:1  | Reached skill level 5 in Armour
 36964 | Swamp:4  | Entered Level 4 of the Swamp
 37517 | Swamp:4  | Reached skill level 20 in Spellcasting
 37658 | Swamp:4  | Got a decaying rune of Zot
 38006 | Swamp:2  | Reached XP level 20. HP: 140/140 MP: 0/0
 38848 | Slime:1  | Entered Level 1 of the Pits of Slime
 38987 | Slime:2  | Gained mutation: You do not regenerate when monsters are
                  | visible. [a shining eye]
 38999 | Slime:2  | Gained mutation: You sometimes lose the ability to read
                  | scrolls when taking damage. [a shining eye]
 39005 | Slime:2  | Killed from afar by an acid blob

Illustrated notes

Levels and vault maps discovered:
D:1:      dpeg_arrival_radiant, layout_loops_ring
D:2:      layout_rooms, ebering_ecumenical_altar_rust
D:3:      layout_loops_corners, uniq_sigmund, uniq_natasha
D:4:      layout_basic, minmay_shop_grid_forest
D:5:      cheibrodos_fertilizer, layout_basic, minmay_temple_entry_nine_rooms
D:6:      layout_gridville, lemuel_coloured_pillars_altar,
          nicolae_overflow_crystal_walls, serial_shops, shop,
          kennysheep_generic_room_9
D:7:      corexii_shantytown, layout_basic, lemuel_round_altar
D:8:      layout_gridville, kennysheep_mini, jmf_multi_god_temple, uniq_joseph
D:9:      lemuel_castle_with_subvaults [lemuel_castle_interior_carwin_2],
          layout_stronghold, xom_butterflies, general_overflow_altar,
          uniq_gastronok
D:10:     wad_statue_garden, layout_basic, old_standard_altar, orc_0_dummy,
          palyth_stone_intersect
D:11:     layout_basic, dpeg_oklobed_lair, enter_bailey_3
D:12:     layout_big_octagon, serial_shops, shop_fountains, uniq_frances,
          uniq_nergalle, uniq_snorg
D:13:     layout_loops_corners, nicolae_trove_entry_free_sample,
          minmay_ruined_shrine
D:14:     layout_roguey, lightli_vaults_fourway_checkpoint,
          hangedman_abyss_or_decor_lesser_grid
D:15:     gammafunk_enter_depths_forms, layout_rooms,
          portal_ice_cave_entry_ice_beasts, serial_aquarium,
          aquarium_bridge_straight [aquarium_subvault_bridge,
          aquarium_subvault_balcony, aquarium_subvault_bridge,
          aquarium_subvault_balcony], aquarium_bridge_island_small
          [aquarium_subvault_small_open, aquarium_subvault_wall,
          aquarium_subvault_wall, aquarium_subvault_wall,
          aquarium_subvault_bridge], aquarium_window_fake,
          aquarium_window_corner, aquarium_window_2, aquarium_view_2e,
          uniq_josephine
Temple:   dshaligram_water_room_temple
Lair:1:   layout_gridlike, grunt_megastairs_4, uniq_fannar
Lair:2:   layout_cave_pods, guppyfry_snake_entry_island, gauntlet_entry_generic,
          gammafunk_ghost_endoplasm, serial_bayou_crossing
Lair:3:   layout_layer_cave, swamp_mist_pool, special_room [special_room_bee]
Lair:4:   layout_loops_ring
Lair:5:   layout_regular_city, minmay_slime_entry_jelly_boxes, serial_bayou,
          serial_bayou_pond_d, serial_bayou_pond_d, serial_bayou_pond_a,
          serial_bayou_lake_a, serial_bayou_shore_b
Lair:6:   hangedman_lair_caniforms_friends, layout_regular_city,
          hangedman_lair_in_review, hangedman_lair_generics_rect
Swamp:1:  layout_basic_swamp, nicolae_swamp_tree_designs, uniq_jorgrun
Swamp:2:  layout_basic_swamp, infiniplex_staircase_pool
Swamp:3:  layout_basic_swamp, nicolae_swamp_round_clearing
Swamp:4:  swamp_fiery, layout_basic_swamp, swamp_pool1
Snake:1:  layout_chambers, serial_shops, shop, guppyfry_library_mini,
          uniq_asterion
Snake:2:  layout_chambers, serial_bayou_shore_a
Snake:3:  layout_concentric_octagons, gammafunk_ghost_wrathful_warriors,
          library_closet, st_stairs_11, grunt_megastairs_1
Snake:4:  snake_pit, layout_layer_cave
Slime:1:  layout_caves
Slime:2:  cheibrodos_slime_lost_civilization_9, layout_caves
Orc:1:    layout_caves
Orc:2:    st_orc_open, layout_diamond_mine, ebering_ghost_rock_garden,
          enter_volcano_1, mines1_david, uniq_urug

Skill      XL: |  1  2  3  4  5  6  7  8  9 10 11 12 13 14 15 16 17 18 19 20 |
---------------+-------------------------------------------------------------+-----
Spellcasting   | 4 5 6 7 9 10 11 12 13 14 15 16 17 18 20 | 20.0
Stealth        | 2 3 4 |  4.0
Dodging        | 3 4 5 6 7 |  7.8
Fighting       | 1 2 3 4 6 7 8 9 10 11 12 | 12.4
Shields        | 6 8 10 11 12 13 | 13.2
Long Blades    | 1 4 7 9 10 11 | 11.6
Invocations    | 1 4 5 7 |  7.0
Evocations     | 1 4 5 7 8 |  8.0
Armour         | 3 4 5 |  5.2
Short Blades   | |  0.5

Action                   |  1- 3 |  4- 6 |  7- 9 | 10-12 | 13-15 | 16-18 | 19-21 || total
-------------------------+-------+-------+-------+-------+-------+-------+-------++-------
Melee: Dagger            |     5 |     4 |    88 |     5 |       |       |       ||   102
       Long sword        |       |       |       |    67 |       |       |       ||    67
       Double sword      |       |       |       |    47 |    73 |    41 |       ||   161
       Staff             |       |       |       |       |       |     1 |     1 ||     2
Throw: Boomerang         |       |    11 |    33 |       |       |       |       ||    44
       Dart              |       |       |       |    23 |     4 |     2 |       ||    29
 Cast: Magic Dart        |    49 |     2 |    30 |    39 |    93 |    65 |    28 ||   306
       Searing Ray       |     6 |    18 |    77 |   102 |   174 |   140 |    25 ||   542
       Swiftness         |       |     1 |       |       |     3 |     1 |       ||     5
       Iskenderun's Myst |       |     1 |    11 |    41 |   178 |   224 |    47 ||   502
       Fulminant Prism   |       |       |    13 |    45 |   159 |   166 |    43 ||   426
       Mephitic Cloud    |       |       |     4 |     9 |    12 |    10 |     2 ||    37
       Animate Armour    |       |       |     2 |     2 |     2 |       |       ||     6
       Leda's Liquefacti |       |       |       |     1 |     2 |       |       ||     3
       Summon Mana Viper |       |       |       |       |    22 |    10 |     4 ||    36
       Starburst         |       |       |       |       |       |    99 |   218 ||   317
       Statue Form       |       |       |       |       |       |       |     1 ||     1
Invok: Greater Servant o |       |       |       |       |       |       |     1 ||     1
Evoke: Piece from Xom's  |       |       |       |       |     1 |       |       ||     1
  Use: Scroll            |       |       |     8 |    18 |     8 |     5 |     2 ||    41
       Potion            |       |       |       |       |     2 |     1 |     3 ||     6
 Stab: Sleeping          |       |       |     4 |       |     1 |       |       ||     5
       Confused          |       |       |       |     2 |       |       |       ||     2
Armor: Robe              |     4 |     2 |    24 |     3 |       |       |       ||    33
       Steam dragon scal |       |       |       |    19 |       |       |       ||    19
       Troll leather arm |       |       |       |    37 |    50 |    62 |    29 ||   178
       Skin              |       |       |       |       |       |       |     1 ||     1
Dodge: Dodged            |    10 |     6 |    49 |    84 |    69 |   135 |    47 ||   400
Block: Kite shield       |       |       |    51 |   136 |   149 |   184 |    44 ||   564
       Reflection        |       |       |       |       |       |    38 |     2 ||    40
       Rpst.: Long sword |       |       |       |    11 |       |       |       ||    11
       Double sword      |       |       |       |     5 |    23 |    17 |       ||    45

Table legend: (Time is in decaauts)
 A = Elapsed time spent in this place.
 B = Non-inter-level travel time spent in this place.
 C = Inter-level travel time spent in this place.
 D = Time resting spent in this place.
 E = Time spent auto-exploring this place.
 F = Levels seen in this place.
 G = Mean time per level.
                   A        B        C        D        E       F      G
               +--------+--------+--------+--------+--------+-----+--------+
         Total |  39198 |  36404 |   2794 |   6186 |  18978 |  36 | 1088.8 |
       Dungeon |  21224 |  19327 |   1897 |   4600 |   9891 |  15 | 1414.9 |
        Temple |    241 |    218 |     23 |      0 |    180 |   1 |  241.0 |
          Lair |   6740 |   6298 |    442 |    585 |   3872 |   6 | 1123.3 |
         Swamp |   2858 |   2858 |      0 |    261 |   1360 |   4 |  714.5 |
     Snake Pit |   5510 |   5255 |    255 |    618 |   2867 |   4 | 1377.5 |
    Slime Pits |    156 |    156 |      0 |      8 |      0 |   2 |   78.0 |
  Orcish Mines |   1736 |   1559 |    177 |     67 |    765 |   2 |  868.0 |
        Bailey |    225 |    225 |      0 |     23 |      0 |   1 |  225.0 |
      Ice Cave |    504 |    504 |      0 |     24 |     43 |   1 |  504.0 |
               +--------+--------+--------+--------+--------+-----+--------+

Top non-repeatable levels by time:
     D:7: 1931 daAuts
     D:9: 1928 daAuts
     D:3: 1858 daAuts
    D:11: 1811 daAuts
  Lair:6: 1791 daAuts
     D:5: 1674 daAuts
    D:10: 1609 daAuts
     D:8: 1552 daAuts
 Snake:2: 1517 daAuts
     D:4: 1506 daAuts
 Snake:1: 1394 daAuts
 Snake:3: 1332 daAuts
     D:6: 1330 daAuts
  Lair:3: 1309 daAuts
 Snake:4: 1265 daAuts
